Map: Usina Ácida LE

Players

IagoAbreu - Winner!

  • Race: Terran Terran
  • League: Silver
  • Spawn Location: 11:00

SHAGUI

  • Race: Terran Terran
  • League: Silver
  • Spawn Location: 5:00

VOD

Have the link to the VOD?

Description

Time

  • Played on: Feb. 26, 2018, 11:39 a.m.
  • Length: 19:09
Show
View Real Time Build Order
Export as new Build Order

IagoAbreu Terran - Winner!

Build Orders:  

Get SALT Encoding   

  12  0:14  Supply Depot  
  12  0:21  Supply Depot  
  12  0:24  SCV  
  13  0:36  SCV  
  13  0:41  Supply Depot  
  14  0:50  Supply Depot  
  14  0:54  SCV  
  15  1:14  Barracks  
  15  1:23  Engineering Bay  
  15  2:04  Bunker  
  15  2:09  Refinery  
  15  2:14  Marine  
  16  2:19  Refinery  
  16  2:31  Marine  
  17  2:47  Command Center  
  17  2:49  Marine  
  18  3:01  Orbital Command  
  18  3:07  Marine  
  19  3:23  Factory  
  19  3:37  SCV  
  20  3:49  SCV, Terran Infantry Weapons Level 1  
  21  4:02  SCV  
  22  4:07  Orbital Command  
  22  4:14  SCV  
  22  4:15  Factory Tech Lab  
  23  4:47  SCV  
  23  4:49  Starport  
  24  4:58  SCV  
  24  4:59  SCV  
  26  5:11  SCV x2, Siege Tank  
  31  5:21  Refinery  
  31  5:23  SCV x2  
  31  5:24  Refinery  
  33  5:35  SCV x2  
  35  5:38  Starport Reactor  
  35  5:43  Siege Tank  
  35  5:47  SCV x2  
  40  5:59  SCV  
  40  6:01  Starport  
  41  6:12  SCV, Armory x2  
  41  6:14  Terran Infantry Armor Level 1  
  41  6:17  Siege Tank  
  45  6:25  Barracks Reactor  
  45  6:28  SCV  
  46  6:40  SCV  
  46  6:44  Starport Reactor  
  47  6:52  SCV  
  48  7:03  Command Center  
  48  7:04  SCV  
  49  7:11  Marine x2  
  51  7:16  SCV, Missile Turret  
  51  7:19  Missile Turret  
  51  7:20  Terran Ship Weapons Level 1  
  51  7:21  Terran Vehicle And Ship Armor Level 1  
  52  7:28  Marine  
  52  7:29  Marine  
  54  7:31  Missile Turret  
  54  7:40  Missile Turret  
  54  7:46  Marine  
  54  7:47  Marine  
  54  7:48  Missile Turret  
  56  7:51  Missile Turret  
  56  7:52  Missile Turret  
  56  7:58  Liberator  
  56  8:00  Liberator  
  56  8:04  Marine x2  
  58  8:10  Terran Infantry Weapons Level 2  
  64  8:22  Liberator x2  
  64  8:24  Planetary Fortress  
  70  8:56  Widow Mine  
  70  8:58  Liberator  
  72  9:05  Drilling Claws  
  72  9:09  Reaper  
  74  9:10  Reaper  
  77  9:33  Supply Depot  
  77  9:35  Supply Depot  
  77  9:37  Liberator  
  77  9:47  Liberator  
  77  9:48  Liberator  
  77  9:54  SCV, Reaper x2  
  77  9:55  Widow Mine  
  77  9:56  Supply Depot  
  77  9:58  Supply Depot  
  85  10:00  Liberator  
  85  10:06  SCV  
  92  10:18  SCV  
  96  10:26  Marine x2  
  98  10:44  Marine x2  
  94  11:05  Marine x2  
  86  11:34  Barracks  
  86  11:37  Barracks  
  80  13:24  Barracks Reactor  
  79  13:45  Supply Depot  
  79  13:46  Supply Depot  
  79  13:47  Supply Depot x2  
  77  13:51  Liberator  
  77  13:55  Marine  
  70  14:00  Liberator  
  70  14:07  Supply Depot  
  70  14:08  Marine, SCV, Siege Tank  
  70  14:09  Supply Depot  
  78  14:11  Supply Depot x2  
  78  14:13  Liberator x2  
  78  14:17  Marine x2  
  78  14:20  SCV  
  73  14:29  Marine  
  76  14:35  Marine x2  
  78  14:38  Liberator  
  78  14:40  Siege Tank  
  75  14:47  Marine  
  70  14:53  Marine x2  
  69  15:02  Command Center  
  69  15:04  Marine  
  73  15:10  Marine  
  73  15:11  Marine  
  63  15:40  Viking x2  
  63  15:41  Viking x2  
  59  16:09  Terran Infantry Weapons Level 3  
  59  16:10  Viking x2  
  59  16:11  Terran Ship Weapons Level 2, Barracks Reactor, Viking x2  
  67  16:19  Siege Tank  
  67  16:24  Marine x4  
  74  16:40  Viking x3  
  74  16:41  Marine, Viking  
  74  16:42  Marine x3  
  86  16:47  Starport  
  86  16:49  Starport  
  86  16:50  Orbital Command  
  86  16:51  Siege Tank  
  89  16:59  Marine x2  
  89  17:00  Marine x2  
  93  17:15  SCV  
  94  17:16  Sensor Tower  
  94  17:17  Marine x4  
  94  17:22  Sensor Tower, SCV  
  99  17:23  Siege Tank  
  99  17:27  SCV  
  103  17:34  SCV  
  104  17:39  SCV  
  105  17:45  Starport Tech Lab  
  105  17:46  SCV  
  106  17:51  SCV  
  106  17:52  Sensor Tower  
  107  17:58  SCV  
  107  18:04  SCV  
  109  18:10  SCV  
  109  18:20  Orbital Command  
  109  18:26  Refinery x2  
  109  18:37  Refinery  
Show
View Real Time Build Order
Export as new Build Order

SHAGUI Terran 

Build Orders:  

Get SALT Encoding   

  12  0:06  SCV  
  13  0:25  Supply Depot  
  13  0:49  SCV  
  14  0:56  Barracks  
  14  1:01  SCV  
  15  1:11  Refinery  
  15  1:13  SCV  
  16  1:25  SCV  
  17  1:37  SCV  
  17  1:38  Refinery  
  18  1:47  Refinery  
  18  1:59  Supply Depot  
  18  2:13  SCV  
  18  2:25  SCV  
  19  2:33  Barracks  
  19  2:35  Reaper  
  20  2:37  SCV  
  21  2:49  SCV  
  22  3:01  SCV  
  23  3:07  Reaper  
  24  3:14  SCV  
  25  3:26  SCV  
  26  3:28  Factory  
  26  3:34  Reaper  
  27  3:38  SCV, Marine  
  29  3:50  SCV, Supply Depot  
  30  3:56  Marine  
  31  4:10  Command Center  
  31  4:12  Reaper  
  31  4:13  Supply Depot  
  31  4:14  Marine  
  33  4:32  Reaper  
  33  4:36  Supply Depot  
  34  4:44  Reaper  
  34  5:08  Factory Tech Lab  
  34  5:16  Marine  
  34  5:20  Marine  
  36  5:32  Siege Tank  
  36  5:34  Marine  
  40  5:37  Marine  
  41  5:47  Refinery  
  41  5:51  Marine, Refinery  
  41  5:54  Orbital Command x2  
  41  5:55  Marine  
  43  6:04  Siege Tank  
  43  6:09  Marine  
  47  6:13  Marine  
  48  6:22  Starport  
  48  6:27  Marine  
  48  6:31  Marine  
  50  6:35  SCV x2  
  50  6:36  Siege Tank  
  55  6:47  SCV x2  
  57  6:59  SCV x2  
  57  7:01  Barracks Tech Lab x2  
  59  7:05  Starport Tech Lab  
  59  7:08  Siege Tank  
  59  7:11  SCV  
  59  7:12  SCV, Starport  
  64  7:23  SCV  
  64  7:24  SCV  
  66  7:40  Siege Tank  
  69  8:12  SCV  
  70  8:40  Supply Depot  
  70  9:02  SCV, Siege Tank, Marauder x2  
  78  9:04  Supply Depot  
  78  9:25  SCV x2, Marauder x2  
  78  9:27  Supply Depot  
  84  9:33  Starport Tech Lab  
  84  9:37  SCV x2  
  86  9:49  SCV, Siege Tank, Supply Depot, Marauder x2  
  94  9:56  Command Center  
  94  10:11  SCV, Marauder x2  
  99  10:21  Siege Tank  
  102  10:46  SCV  
  101  10:55  Marauder  
  101  10:56  Marauder  
  100  10:57  Siege Tank  
  102  11:08  SCV  
  103  11:21  Medivac  
  103  11:22  Medivac  
  107  11:29  Siege Tank  
  110  11:51  Medivac  
  110  11:52  Medivac  
  68  12:22  Viking  
  69  12:23  Viking  
  37  12:52  Viking  
  37  12:53  Viking  
  33  13:22  Viking  
  33  13:23  Viking  
  31  13:52  Viking  
  31  13:53  Viking  
  29  14:22  Viking  
  29  14:23  Viking  
  16  14:44  Marine  
  16  14:45  Marine  
  18  14:52  Viking  
  18  14:53  Viking  
  18  15:02  Marine  
  18  15:03  Marine  
  16  15:20  Marine x2  
  16  15:22  Viking  
  16  15:23  Viking  
  18  15:38  Marine x2  
  20  15:49  SCV  
  21  15:50  SCV x2  
  21  15:52  Viking  
  21  15:53  Viking  
  21  15:55  Marine  
  21  15:56  Marine  
  29  16:01  SCV  
  29  16:02  SCV  
  32  16:09  Orbital Command  
  31  16:13  Marine, SCV  
  31  16:14  SCV, Marine  
  35  16:22  Viking  
  35  16:23  Viking  
  40  16:25  SCV  
  40  16:26  SCV  
  40  16:31  Marine  
  40  16:32  Marine  
  43  16:37  SCV  
  43  16:38  SCV  
  45  16:52  Viking  
  45  16:53  Viking  
  49  17:02  Siege Tank  
  52  17:18  SCV  
  52  17:19  SCV x2  
  55  17:31  SCV x3  
  55  17:34  Siege Tank  
  61  17:42  Engineering Bay  
  61  17:43  SCV x3  
  64  17:55  SCV x2  
  64  17:56  SCV  
  67  18:06  Siege Tank  
  67  18:07  SCV  
  67  18:08  SCV x2  
Tags
 
Add a new tag
Caveats
  • Supply blocks, unpowered buildings, or Contaminate may cause inaccurate times.
  • Supply counts are checked every 10 seconds.